[Event "Titled Tuesday Blitz January 17 Early 2023"]
[White "Batsiashvili, Nino"]
[Black "Aradhya, Garg"]
[WhiteFideId "13602993"]
[BlackFideId "25006746"]
[WhiteElo "2467"]
[BlackElo "2284"]
[Result "1/2-1/2"]
[Round "06"]
[TimeControl "180+2"]
[Date "2023.01.17"]
[WhiteClock "0:00:09"]
[BlackClock "0:00:17"]

1. d4 d5 2. c4 c6 3. Nf3 Nf6 4. g3 dxc4 5. Bg2 e6 6. O-O Nbd7 7. a4 a5 8. Na3 Nb6 9. Ne5 Bxa3 10. bxa3 Nfd7 11. Qc2 Nxe5 12. dxe5 O-O 13. Rb1 Re8 14. Be3 Nd5 15. Bd2 Qc7 16. e4 Ne7 17. Qxc4 Qxe5 18. Bc3 Qc7 19. Bd4 e5 20. Bb6 Qd6 21. Qc3 Bg4 22. Bxa5 b5 23. Bb4 Qe6 24. a5 h5 25. f3 Bh3 26. Bxh3 Qxh3 27. Qxe5 Nd5 28. Qg5 f6 29. Qh4 Qxh4 30. gxh4 Nf4 31. Rfd1 Rec8 32. Kf2 c5 33. Bd2 Nd3+ 34. Ke2 c4 35. Rxb5 Rd8 36. Rbb1 Rac8 37. Bc3 Nf4+ 38. Kf2 Nd3+ 39. Ke3 Rd7 40. Rb6 Re8 41. a6 Ra7 42. Rc6 Ne5 43. Bxe5 Rxe5 44. Rc1 Ra5 45. Rc3 R7xa6 46. Rxa6 Rxa6 47. Kd4 Ra4 48. f4 Kf7 49. e5 fxe5+ 50. fxe5 Ke6 51. Rxc4 Rxa3 52. Rc6+ Kf5 53. Rc7 Ra4+ 54. Ke3 Re4+ 55. Kf3 Rf4+ 56. Kg3 Rg4+ 57. Kh3 g6 58. Rf7+ Kxe5 59. Re7+ Kf6 60. Re6+ Kg7 61. Re7+ Kh6 62. Rh7+ Kxh7 1/2-1/2


[Site "https://www.chess.com"]

[Event "Titled Tuesday Blitz January 17 Early 2023"]
[White "Sadhwani, Raunak"]
[Black "Bodnaruk, Anastasia"]
[WhiteFideId "35093487"]
[BlackFideId "4181751"]
[WhiteElo "2627"]
[BlackElo "2350"]
[Result "1-0"]
[Round "06"]
[TimeControl "180+2"]
[Date "2023.01.17"]
[WhiteClock "0:01:27"]
[BlackClock "0:00:01"]

1. b3 Nf6 2. Bb2 e6 3. Nf3 d5 4. g3 c5 5. Bg2 Nc6 6. O-O Be7 7. d4 O-O 8. dxc5 Bxc5 9. Nbd2 Re8 10. c4 d4 11. a3 a5 12. Ng5 e5 13. Nde4 Nxe4 14. Nxe4 Bf8 15. e3 f5 16. Nd2 d3 17. Bd5+ Kh8 18. e4 Bc5 19. exf5 Bxf5 20. Ne4 Bd4 21. Bxd4 exd4 22. Qxd3 Ne5 23. Qd1 Qb6 24. c5 Qh6 25. Nd6 Bg4 26. Qxd4 Qf6 27. Qf4 Rf8 28. Qxf6 gxf6 29. Bxb7 Rad8 30. b4 Kg7 31. f3 Be6 32. Rfe1 1-0


[Site "https://www.chess.com"]

[Event "Titled Tuesday Blitz January 17 Early 2023"]
[White "Narayanan.S.L"]
[Black "Aizpurua, Patrick Emilio"]
[WhiteFideId "5058422"]
[BlackFideId "6600522"]
[WhiteElo "2660"]
[BlackElo "2304"]
[Result "1-0"]
[Round "06"]
[TimeControl "180+2"]
[Date "2023.01.17"]
[WhiteClock "0:01:27"]
[BlackClock "0:00:04"]

1. e4 e5 2. Nf3 Nc6 3. Nc3 Nf6 4. d4 exd4 5. Nd5 Bc5 6. Bg5 d6 7. Bb5 Bd7 8. O-O h6 9. Bxf6 gxf6 10. Re1 Rg8 11. Qd2 a6 12. Ba4 b5 13. Bb3 Ne5 14. Kh1 c6 15. Nf4 Qb6 16. Nxe5 fxe5 17. Nd3 Rg6 18. f4 a5 19. a4 bxa4 20. Rxa4 exf4 21. Qxf4 Be6 22. Bxe6 Rxe6 23. Rf1 O-O-O 24. Qxf7 Rde8 25. b4 Bxb4 26. Nxb4 R8e7 27. Qg8+ Re8 28. Rf8 Rxf8 29. Qxf8+ Kd7 30. Qf7+ Re7 31. Qf5+ Kc7 32. Qxa5 Qxa5 33. Rxa5 Rxe4 34. Kg1 c5 35. Nd3 Re2 36. Ra2 c4 37. Nb4 d3 38. Kf1 dxc2 39. Rxc2 Re4 40. Nd5+ Kc6 41. Nc3 Rf4+ 42. Rf2 Rd4 43. Ke2 d5 44. h3 Rd3 45. Rf3 Rd4 46. g3 Kc5 47. g4 h5 48. g5 1-0


[Site "https://www.chess.com"]

[Event "Titled Tuesday Blitz January 17 Early 2023"]
[White "Divya Deshmukh"]
[Black "Remizov, Yaroslav"]
[WhiteFideId "35006916"]
[BlackFideId "34134015"]
[WhiteElo "2372"]
[BlackElo "2421"]
[Result "0-1"]
[Round "06"]
[TimeControl "180+2"]
[Date "2023.01.17"]
[WhiteClock "0:00:05"]
[BlackClock "0:00:33"]

1. e4 c5 2. Nf3 Nc6 3. d4 cxd4 4. Nxd4 Nf6 5. Nc3 e6 6. Nxc6 bxc6 7. e5 Nd5 8. Ne4 Qc7 9. f4 Qb6 10. c4 Bb4+ 11. Ke2 f5 12. exf6 Nxf6 13. Be3 Qd8 14. Nd6+ Bxd6 15. Qxd6 Bb7 16. Kd1 c5 17. Qxc5 Rc8 18. Qxa7 Be4 19. Be2 O-O 20. Ke1 d5 21. Qd4 Qe7 22. c5 Nd7 23. b4 e5 24. fxe5 Nxe5 25. b5 Rfe8 26. Kd2 Rcd8 27. Kc3 Qa7 28. a4 Nc4 29. Bf4 Qa5+ 30. Kb3 Bc2+ 31. Kxc2 Rxe2+ 32. Kd3 Rd2+ 0-1


[Site "https://www.chess.com"]

[Event "Titled Tuesday Blitz January 17 Early 2023"]
[White "Moroni, Luca Jr"]
[Black "Yelisieiev, Yevhenii"]
[WhiteFideId "865834"]
[BlackFideId "14139642"]
[WhiteElo "2535"]
[BlackElo "2418"]
[Result "1-0"]
[Round "06"]
[TimeControl "180+2"]
[Date "2023.01.17"]
[WhiteClock "0:00:10"]
[BlackClock "0:00:04"]

1. d4 d6 2. Nf3 Nf6 3. Nc3 Nbd7 4. e4 e5 5. dxe5 dxe5 6. Bc4 Be7 7. O-O O-O 8. Qe2 c6 9. a4 a5 10. h3 Qc7 11. Bg5 Nc5 12. Rfd1 Be6 13. Bxe6 Nxe6 14. Bxf6 Bxf6 15. Qc4 Qb6 16. b3 Rfd8 17. Ne2 Qc5 18. Qxc5 Nxc5 19. Nc3 Kf8 20. Kf1 Ke7 21. g3 Rxd1+ 22. Rxd1 Rd8 23. Rxd8 Kxd8 24. Ke2 Kc7 25. Ke3 h5 26. h4 Ne6 27. Nb1 g5 28. hxg5 Nxg5 29. Na3 Nxf3 30. Kxf3 b6 31. Nc4 Bg7 32. g4 hxg4+ 33. Kxg4 b5 34. Nb2 Kd6 35. Nd3 Ke6 36. Nc5+ Kd6 37. Nd3 Ke6 38. Nb2 Bf8 39. c4 bxa4 40. Nxa4 Bb4 41. Nb2 Bc5 42. Nd3 Bd4 43. f3 Kf6 44. f4 exf4 45. Kxf4 Bc3 46. e5+ Ke6 47. Ke4 Bb4 48. Nxb4 axb4 49. Kd4 Kf5 50. Kc5 Kxe5 51. Kxc6 f5 52. Kb6 f4 53. c5 f3 54. c6 f2 55. c7 f1=Q 56. c8=Q Qd3 57. Qc5+ Ke6 58. Qxb4 Qd8+ 59. Kb5 Qb8+ 60. Kc4 Qf4+ 61. Kc3 Qe3+ 62. Kc2 Qe2+ 63. Kb1 Qd1+ 64. Kb2 Qe2+ 65. Ka3 Qa6+ 66. Qa4 Qd6+ 67. Ka2 Qd2+ 68. Kb1 Qd1+ 69. Kb2 Qd2+ 70. Ka3 Qc1+ 71. Kb4 Qf4+ 72. Ka5 Qc7+ 73. Kb5 Qb7+ 74. Kc5 Qc7+ 75. Qc6+ Qxc6+ 76. Kxc6 Ke7 77. Kc7 Ke6 78. b4 Kd5 79. b5 Kc5 80. b6 1-0


[Site "https://www.chess.com"]

[Event "Titled Tuesday Blitz January 17 Early 2023"]
[White "Baskakov, Egor"]
[Black "Saravana, Krishnan P."]
[WhiteFideId "24197866"]
[BlackFideId "5018382"]
[WhiteElo "2215"]
[BlackElo "2284"]
[Result "0-1"]
[Round "06"]
[TimeControl "180+2"]
[Date "2023.01.17"]
[WhiteClock "0:00:43"]
[BlackClock "0:00:25"]

1. e4 c6 2. d4 d5 3. e5 c5 4. c4 cxd4 5. Nf3 e6 6. Nxd4 Nc6 7. Nc3 a6 8. cxd5 exd5 9. Be2 Bc5 10. Nb3 Bb4 11. O-O Nge7 12. Bg5 h6 13. Bh4 Bxc3 14. bxc3 Nxe5 15. Qd4 f6 16. Bh5+ Kf8 17. f4 N5c6 18. Qd2 Be6 19. Rae1 Bf7 20. Bg4 h5 21. Bd1 Nf5 22. Bf2 h4 23. Bc2 Nd6 24. Nc5 h3 25. g4 Qc8 26. f5 Ne5 27. Qf4 Ndc4 28. Nd3 Kg8 29. g5 fxg5 30. Qxg5 Nf3+ 0-1


[Site "https://www.chess.com"]

[Event "Titled Tuesday Blitz January 17 Early 2023"]
[White "Dilanyan, Grigor"]
[Black "Bacrot, Etienne"]
[WhiteFideId "13303570"]
[BlackFideId "605506"]
[WhiteElo "2174"]
[BlackElo "2667"]
[Result "0-1"]
[Round "06"]
[TimeControl "180+2"]
[Date "2023.01.17"]
[WhiteClock "0:00:01"]
[BlackClock "0:00:08"]

1. e4 c5 2. Nf3 d6 3. Bb5+ Bd7 4. Bxd7+ Nxd7 5. O-O Ngf6 6. Re1 e6 7. c3 Be7 8. d4 O-O 9. e5 Nd5 10. exd6 Bxd6 11. Bg5 Be7 12. Bxe7 Nxe7 13. Nbd2 cxd4 14. Nxd4 Nc5 15. Qf3 Qd5 16. Qg3 Rad8 17. Re5 Qd6 18. Nc4 Qc7 19. Nb5 Qd7 20. Nd4 Na4 21. Rg5 Nf5 22. Qg4 g6 23. Ne5 Qd5 24. Nxf5 exf5 25. Rxf5 Qe6 26. Rxf7 Qxg4 27. Rxf8+ Kxf8 28. Nxg4 Nxb2 29. Ne3 Na4 30. c4 b6 31. h4 Rd2 32. a3 Ke7 33. Rb1 Kd6 34. Rb5 Nc3 35. Rg5 Ne4 36. Rd5+ Rxd5 37. cxd5 Nc3 38. Kf1 Nb1 39. a4 Nc3 40. a5 b5 41. Ke1 Nxd5 42. Nxd5 Kxd5 43. Kd2 a6 44. Kc3 Ke4 45. Kb4 Kf4 0-1


[Site "https://www.chess.com"]

[Event "Titled Tuesday Blitz January 17 Early 2023"]
[White "Rakhmanov, Aleksandr"]
[Black "Golubev, Mikhail"]
[WhiteFideId "4173708"]
[BlackFideId "14100983"]
[WhiteElo "2632"]
[BlackElo "2461"]
[Result "1-0"]
[Round "06"]
[TimeControl "180+2"]
[Date "2023.01.17"]
[WhiteClock "0:00:14"]
[BlackClock "0:00:01"]

1. d4 Nf6 2. c4 g6 3. Nc3 Bg7 4. e4 d6 5. h3 O-O 6. Be3 Na6 7. g4 c5 8. Nge2 cxd4 9. Bxd4 Be6 10. Ng3 Rc8 11. b3 Qa5 12. Qd2 h5 13. f3 h4 14. Nge2 Bxc4 15. bxc4 Rxc4 16. Rd1 Nb4 17. Kf2 Rfc8 18. Bxf6 Bxf6 19. Nd5 Qc5+ 20. Qe3 Nxd5 21. Rxd5 Qxe3+ 22. Kxe3 Ra4 23. g5 Ra3+ 24. Kf4 Be5+ 25. Kg4 Rc2 26. f4 Rxe2 27. Bxe2 Rg3+ 28. Kxh4 Bxf4 29. Rf1 e5 30. Bg4 Rg2 31. Rf3 Bd2 32. Rxd2 Rxd2 33. Rf6 1-0


[Site "https://www.chess.com"]

[Event "Titled Tuesday Blitz January 17 Early 2023"]
[White "Hirneise, Jens"]
[Black "Riehle, Marco"]
[WhiteFideId "24614734"]
[BlackFideId "12904392"]
[WhiteElo "2277"]
[BlackElo "2368"]
[Result "0-1"]
[Round "06"]
[TimeControl "180+2"]
[Date "2023.01.17"]
[WhiteClock "0:00:13"]
[BlackClock "0:01:24"]

1. Nf3 d5 2. c4 e6 3. e3 Nf6 4. Nc3 c5 5. cxd5 Nxd5 6. d4 cxd4 7. exd4 Be7 8. Bd3 O-O 9. a3 Nc6 10. h4 b6 11. Qc2 h6 12. Nxd5 Qxd5 13. Be4 Qh5 14. Bxc6 Ba6 15. Bxa8 Rxa8 16. Qa4 Bb5 17. Qc2 Ba6 18. Qe4 Rc8 19. Ne5 f5 20. g4 Qe8 21. gxf5 exf5 22. Qd5+ Kh7 23. Rg1 Bf6 24. Qd7 Qh5 25. f3 Qxh4+ 26. Kd2 Qf2+ 27. Kd1 Qe2# 0-1


[Site "https://www.chess.com"]

[Event "Titled Tuesday Blitz January 17 Early 2023"]
[White "Maksimovic, Bojan"]
[Black "Kamalidenova, Meruert"]
[WhiteFideId "14408120"]
[BlackFideId "13712802"]
[WhiteElo "2486"]
[BlackElo "2350"]
[Result "1-0"]
[Round "06"]
[TimeControl "180+2"]
[Date "2023.01.17"]
[WhiteClock "0:00:04"]
[BlackClock "0:00:06"]

1. Nf3 d5 2. c4 e6 3. g3 Nf6 4. Bg2 Be7 5. O-O O-O 6. d4 dxc4 7. Qc2 b5 8. a4 b4 9. Nfd2 Nd5 10. Nxc4 c5 11. e4 Nf6 12. d5 exd5 13. exd5 Ba6 14. Rd1 Bxc4 15. Qxc4 Bd6 16. Bg5 Nbd7 17. Qa6 Nb6 18. a5 Nc8 19. Nd2 h6 20. Bxf6 Qxf6 21. Nc4 Rd8 22. Re1 Rb8 23. Re2 h5 24. h4 Ra8 25. Rae1 Kh7 26. Bh3 Be5 27. Qc6 Qxc6 28. dxc6 Bc7 29. Bd7 Nd6 30. Ne3 Bxa5 31. Nd5 Nb5 32. Ra1 Bb6 33. Re7 Kg8 34. Ra6 Bc7 35. Nxc7 Nxc7 36. Ra5 Kf8 37. Re5 a6 38. Rxh5 Ke7 39. Rhxc5 Kd6 40. Rc1 Rab8 41. Kg2 f6 42. Rd1+ Ke7 43. h5 Rb5 44. Rxb5 Nxb5 45. g4 Nc7 46. f4 Rb8 47. Kg3 Rb5 48. b3 Rc5 49. Kh4 Rc3 50. g5 fxg5+ 51. fxg5 Rc2 52. h6 gxh6 53. gxh6 Kf6 54. Rg1 Rh2+ 55. Bh3 Rd2 56. h7 Rd4+ 57. Rg4 Rd8 58. Rg8 Rd4+ 59. Bg4 Nd5 60. h8=Q+ 1-0


[Site "https://www.chess.com"]

[Event "Titled Tuesday Blitz January 17 Early 2023"]
[White "Cherniaiev, Tykhon"]
[Black "Belov, Alexei"]
[WhiteFideId "14182360"]
[BlackFideId "4128206"]
[WhiteElo "2330"]
[BlackElo "2421"]
[Result "1-0"]
[Round "06"]
[TimeControl "180+2"]
[Date "2023.01.17"]
[WhiteClock "0:00:05"]
[BlackClock "0:00:13"]

1. Nf3 Nf6 2. d4 e6 3. c4 d5 4. Nc3 Be7 5. Bg5 Nbd7 6. e3 O-O 7. cxd5 exd5 8. Bd3 c6 9. O-O Re8 10. a3 a5 11. Rb1 Nf8 12. b4 axb4 13. axb4 Ng6 14. b5 Bd6 15. bxc6 bxc6 16. h3 h6 17. Bxf6 Qxf6 18. e4 dxe4 19. Nxe4 Qd8 20. Qc2 Nf4 21. Qxc6 Bd7 22. Qxd6 Nxd3 23. Nc5 Bf5 24. Qxd8 Raxd8 25. Rb3 Nf4 26. Re3 Ne6 27. Rfe1 Rf8 28. Re5 Nxc5 29. dxc5 Be6 30. Rc1 Rc8 31. c6 Rfd8 32. Rec5 Kf8 33. Ne5 Ke7 34. c7 Rd5 35. Nc6+ Kd7 36. R5c3 Ra8 37. Nb4 Kc8 38. Nxd5 Bxd5 39. Rd3 Be6 40. Rd8+ Kb7 41. Rxa8 1-0


[Site "https://www.chess.com"]

[Event "Titled Tuesday Blitz January 17 Early 2023"]
[White "Harshavardhan G B"]
[Black "Fiorito, Francisco"]
[WhiteFideId "25059009"]
[BlackFideId "180165"]
[WhiteElo "2408"]
[BlackElo "2305"]
[Result "1-0"]
[Round "06"]
[TimeControl "180+2"]
[Date "2023.01.17"]
[WhiteClock "0:00:22"]
[BlackClock "0:00:14"]

1. Nf3 d5 2. g3 Nf6 3. Bg2 Bf5 4. O-O e6 5. c4 Be7 6. d4 O-O 7. Nc3 c6 8. b3 h6 9. Bb2 Nbd7 10. Nd2 Re8 11. e4 dxe4 12. Ndxe4 Nxe4 13. Nxe4 Nf6 14. Nc3 Qd7 15. Qd2 Rad8 16. Rfd1 e5 17. d5 Bb4 18. Qe3 Bxc3 19. Bxc3 cxd5 20. Bxd5 Qc7 21. Bg2 b6 22. h3 Rxd1+ 23. Rxd1 Nd7 24. Qf3 Bg6 25. Qc6 Rc8 26. Qxd7 Qc5 27. Rd5 Qc7 28. Qxc7 Rxc7 29. Rd8+ Kh7 30. Bxe5 Re7 31. f4 f6 32. Bb8 Re1+ 33. Kf2 Ra1 34. g4 Rxa2+ 35. Kg3 Bc2 36. Bd5 h5 37. Bg8+ Kh6 38. f5 Ra3 39. Kh4 hxg4 40. hxg4 Bxb3 41. Rd3 a6 42. Bf7 a5 43. Bf4+ g5+ 44. fxg6+ Kg7 45. Kh5 a4 46. Bh6+ Kh8 47. Rd8# 1-0


[Site "https://www.chess.com"]

[Event "Titled Tuesday Blitz January 17 Early 2023"]
[White "Mahdavi, Reza"]
[Black "Schekachikhin, Maksim"]
[WhiteFideId "12595926"]
[BlackFideId "24177830"]
[WhiteElo "2339"]
[BlackElo "2371"]
[Result "1-0"]
[Round "06"]
[TimeControl "180+2"]
[Date "2023.01.17"]
[WhiteClock "0:02:38"]
[BlackClock "0:00:03"]

1. e4 c5 2. Nf3 a6 3. c3 d5 4. exd5 Qxd5 5. d4 e6 6. Be3 cxd4 7. cxd4 Nf6 8. Nc3 Bb4 9. Bd3 O-O 10. O-O Qd6 11. Bg5 Nbd7 12. Qe2 Bxc3 13. bxc3 b6 14. Ne5 Bb7 15. Rfe1 h6 16. Bh4 Qc7 17. Bg3 Qxc3 18. Rac1 Qa3 19. Rc7 Bc8 20. Nc6 Nd5 21. Qf3 Nxc7 22. Bh7+ Kxh7 23. Qxa3 1-0


[Site "https://www.chess.com"]

[Event "Titled Tuesday Blitz January 17 Early 2023"]
[White "Krivonosov, Oleg"]
[Black "Renjith, Sravan"]
[WhiteFideId "11600349"]
[BlackFideId "4306783"]
[WhiteElo "2359"]
[BlackElo "2172"]
[Result "0-1"]
[Round "06"]
[TimeControl "180+2"]
[Date "2023.01.17"]
[WhiteClock "0:00:53"]
[BlackClock "0:00:12"]

1. Nf3 Nf6 2. c4 g6 3. Nc3 Bg7 4. e4 O-O 5. d4 d6 6. Be2 e5 7. dxe5 dxe5 8. Qxd8 Rxd8 9. Bg5 c6 10. Nxe5 Re8 11. O-O-O Nxe4 12. Nxe4 Bxe5 13. Nd6 Bxd6 14. Rxd6 Bf5 15. Bf3 Nd7 16. Rhd1 Ne5 17. Be2 Nd7 18. Be3 Nf8 19. b3 h5 20. h3 a5 21. Kb2 a4 22. g4 hxg4 23. hxg4 Be4 24. Rh1 Bxh1 25. Kc3 Rad8 26. c5 Rxd6 27. cxd6 axb3 28. axb3 Bd5 29. b4 Nd7 30. b5 Nf6 31. Kb4 Ne4 32. d7 Rd8 33. f3 Nd6 34. Kc5 Rxd7 35. b6 Re7 36. Kd4 Nc4 37. Bxc4 Bxc4 38. Bf4 Bd5 39. Kc5 Bxf3 40. Kd6 Re6+ 41. Kc7 c5 42. g5 c4 43. Kb8 c3 44. Ka7 c2 45. Kb8 Rxb6 46. Bc1 Re6 47. Kc7 b5 48. Kd7 b4 49. Bb2 b3 50. Kc7 Re1 51. Kd7 Rb1 52. Bf6 b2 53. Bxb2 Rxb2 54. Kd6 c1=Q 55. Ke5 Re2+ 56. Kd4 Re4+ 57. Kd5 Qc4+ 58. Kd6 Re6+ 59. Kd7 Qc6+ 60. Kd8 Re8# 0-1


[Site "https://www.chess.com"]

[Event "Titled Tuesday Blitz January 17 Early 2023"]
[White "Turzo, Attila"]
[Black "Rohith Krishna S"]
[WhiteFideId "704954"]
[BlackFideId "46617051"]
[WhiteElo "2279"]
[BlackElo "2385"]
[Result "0-1"]
[Round "06"]
[TimeControl "180+2"]
[Date "2023.01.17"]
[WhiteClock "0:00:06"]
[BlackClock "0:00:10"]

1. d4 Nf6 2. Bf4 d6 3. Nc3 g6 4. e4 Bg7 5. Qd2 O-O 6. O-O-O c6 7. Bh6 Re8 8. Bxg7 Kxg7 9. h4 h5 10. f3 a5 11. e5 dxe5 12. dxe5 Qxd2+ 13. Rxd2 Nh7 14. f4 a4 15. a3 Nf8 16. Nf3 Nbd7 17. Ne4 Ne6 18. g3 Ndc5 19. Nc3 Nc7 20. Bg2 Bg4 21. Nh2 Bf5 22. Rhd1 f6 23. Re1 Kf7 24. Nf1 Rad8 25. Ne3 Rxd2 26. Kxd2 Be6 27. exf6 exf6 28. Ne4 Rd8+ 29. Kc1 Nxe4 30. Bxe4 f5 31. Bf3 Na6 32. Rd1 Re8 33. Kd2 Nc5 34. Ke2 Ke7 35. Rd4 Ra8 36. Nc4 Bxc4+ 37. Rxc4 Kd6 38. Rd4+ Kc7 39. Kd2 Re8 40. Bg2 b5 41. Bf3 Nb7 42. Rd3 Nd6 43. b3 axb3 44. cxb3 Ra8 45. Rc3 Ra6 46. Kc2 Kd7 47. Kb2 Nc8 48. Rd3+ Ke6 49. Rd8 Ne7 50. Re8 Kd7 51. Rb8 Ra7 52. b4 Kd6 53. Rd8+ Kc7 54. Rd1 Ra8 55. Re1 Kd6 56. Rd1+ Ke6 57. Re1+ Kf6 58. Rd1 Rc8 59. Rd6+ Kf7 60. Kc3 c5 61. bxc5 Rxc5+ 62. Kb3 Rc1 63. Bd5+ Kg7 64. Rd7 Re1 65. Kb4 Kf6 66. Rd6+ Kg7 67. Re6 Nxd5+ 68. Kxb5 Rxe6 69. Kc5 Re3 0-1


[Site "https://www.chess.com"]

[Event "Titled Tuesday Blitz January 17 Early 2023"]
[White "Bagwe Gaurang"]
[Black "Rakotomaharo, Fy Antenaina"]
[WhiteFideId "45039895"]
[BlackFideId "13100050"]
[WhiteElo "2067"]
[BlackElo "2459"]
[Result "1-0"]
[Round "06"]
[TimeControl "180+2"]
[Date "2023.01.17"]
[WhiteClock "0:00:13"]
[BlackClock "0:01:10"]

1. d4 Nf6 2. Nf3 g6 3. e3 Bg7 4. c4 O-O 5. Bd3 d6 6. O-O Nbd7 7. Nbd2 e5 8. b3 Re8 9. Qc2 Qe7 10. Ne1 e4 11. Be2 h5 12. Bb2 Nf8 13. d5 Bf5 14. Qc3 h4 15. g3 h3 16. Nc2 N8h7 17. Nd4 Bd7 18. Rae1 Ng5 19. Bd1 Kh7 20. Bc2 Rg8 21. f4 exf3 22. N2xf3 Nxf3+ 23. Rxf3 Bg4 24. Rf4 Bd7 25. Rh4+ Bh6 26. Rf1 Ng4 27. Rf4 f5 28. e4 Rae8 29. exf5 Qe1+ 30. Rf1 Qxc3 31. Bxc3 Ne3 32. fxg6+ Rxg6 33. Rf7+ Kg8 34. Bxg6 Ng4 35. Ne6 Bxe6 36. dxe6 Rxe6 37. Rxg4 Be3+ 38. Kf1 Rxg6 39. Rxg6+ Kxf7 40. Rg7+ Ke6 41. Rxc7 a6 42. Rxb7 Kf5 43. Rh7 Kg4 44. Rh4+ Kf3 45. Rxh3 d5 46. g4+ 1-0


[Site "https://www.chess.com"]

[Event "Titled Tuesday Blitz January 17 Early 2023"]
[White "Averjanov, Alexey"]
[Black "Cella, Glaucio Dalla Cortt"]
[WhiteFideId "14109867"]
[BlackFideId "2119455"]
[WhiteElo "2399"]
[BlackElo "1894"]
[Result "0-1"]
[Round "06"]
[TimeControl "180+2"]
[Date "2023.01.17"]
[WhiteClock "0:01:13"]
[BlackClock "0:00:14"]

1. d4 Nf6 2. c4 e5 3. dxe5 Ng4 4. Nf3 Bc5 5. e3 Nc6 6. b3 O-O 7. Bb2 Re8 8. Be2 Ncxe5 9. Nxe5 Nxe5 10. Nc3 a5 11. O-O Ra6 12. Nd5 Rh6 13. Nf4 b6 14. Bd4 Qh4 15. h3 Bxd4 16. Qxd4 Bb7 17. Kh2 g5 18. g3 Ng4+ 19. Kg1 Qxh3 20. Nxh3 Rxh3 21. f3 Rxg3+ 22. Kh1 Re6 23. Rf2 Rh6+ 24. Rh2 Rxh2# 0-1


[Site "https://www.chess.com"]

[Event "Titled Tuesday Blitz January 17 Early 2023"]
[White "Martin Carmona, Gaston Manuel"]
[Black "Hambleton, Aman"]
[WhiteFideId "22284567"]
[BlackFideId "2606577"]
[WhiteElo "2333"]
[BlackElo "2420"]
[Result "0-1"]
[Round "06"]
[TimeControl "180+2"]
[Date "2023.01.17"]
[WhiteClock "0:00:14"]
[BlackClock "0:00:07"]

1. e4 b6 2. d4 Bb7 3. Bd3 e6 4. Qe2 d5 5. e5 c5 6. c3 Qc8 7. Nf3 Ba6 8. O-O Bxd3 9. Qxd3 Qa6 10. Qd1 Ne7 11. Ng5 h6 12. Qh5 g6 13. Qh3 Nbc6 14. Be3 Nf5 15. Nd2 cxd4 16. cxd4 Nfxd4 17. Bxd4 Nxd4 18. Nb3 Ne2+ 19. Kh1 Nf4 20. Qh4 Be7 21. Qxf4 Bxg5 22. Qg4 Be7 23. Nd4 h5 24. Qh3 Qc8 25. Rac1 Qd7 26. f4 Rc8 27. g4 Rxc1 28. Rxc1 Bc5 29. Nb3 Qa4 30. Qg2 Qxf4 31. Rf1 Qxg4 32. Qe2 Qxe2 0-1


[Site "https://www.chess.com"]

[Event "Titled Tuesday Blitz January 17 Early 2023"]
[White "Vivas Zamora, Fabian Ernesto"]
[Black "Tan, Zhongyi"]
[WhiteFideId "3902480"]
[BlackFideId "8603642"]
[WhiteElo "2346"]
[BlackElo "2517"]
[Result "0-1"]
[Round "06"]
[TimeControl "180+2"]
[Date "2023.01.17"]
[WhiteClock "0:00:03"]
[BlackClock "0:00:10"]

1. e4 c5 2. Nc3 d6 3. d4 cxd4 4. Qxd4 Nc6 5. Qd2 Nf6 6. b3 e6 7. Bb2 d5 8. exd5 exd5 9. O-O-O Be6 10. Kb1 Qa5 11. Nb5 Qxd2 12. Rxd2 O-O-O 13. Bd3 Ne4 14. Bxe4 dxe4 15. Rxd8+ Kxd8 16. Ne2 Bc5 17. Bxg7 Rg8 18. Bf6+ Kc8 19. Ng3 Bxf2 20. Nd6+ Kc7 21. Ndxe4 Bb6 22. Bg5 Bd4 23. Bf4+ Kb6 24. c3 Be5 25. Rf1 f5 26. Bxe5 fxe4 27. Bf4 Ne7 28. c4 Kc6 29. Re1 Bf7 30. Kb2 Bg6 31. Nxe4 Bxe4 32. Rxe4 Rxg2+ 33. Kc3 Ng6 34. Re6+ Kd7 35. Rd6+ Ke7 36. Rd4 Nxf4 37. Rxf4 Rxh2 38. Rd4 Ke6 39. a4 h5 40. Kb4 h4 41. a5 h3 42. Rh4 Rh1 43. Rh7 h2 44. Kc5 Ke5 45. b4 a6 46. b5 axb5 47. cxb5 Rc1+ 48. Kb6 h1=Q 49. Rxh1 Rxh1 50. Kxb7 Kd6 51. b6 Rh7+ 52. Ka8 Kc6 53. Kb8 Rh5 54. a6 Kxb6 55. a7 Rh8# 0-1


[Site "https://www.chess.com"]

[Event "Titled Tuesday Blitz January 17 Early 2023"]
[White "Tristan, Leonardo"]
[Black "Parpiev, Isaak"]
[WhiteFideId "113816"]
[BlackFideId "34281576"]
[WhiteElo "2545"]
[BlackElo "2167"]
[Result "1-0"]
[Round "06"]
[TimeControl "180+2"]
[Date "2023.01.17"]
[WhiteClock "0:00:41"]
[BlackClock "0:00:09"]

1. d4 Nf6 2. Nf3 g6 3. Bf4 Bg7 4. e3 O-O 5. Be2 d6 6. O-O Nbd7 7. h3 Qe8 8. Bh2 e5 9. c4 b6 10. Nc3 Bb7 11. b4 a5 12. Nb5 Rc8 13. bxa5 bxa5 14. Qa4 exd4 15. Nfxd4 Ne4 16. Qxa5 Be5 17. Bxe5 Qxe5 18. Nf3 Qc5 19. Qa7 Qxa7 20. Nxa7 Ra8 21. Nb5 Rfc8 22. a4 Ra5 23. Nfd4 Ndc5 24. Bf3 Nd2 25. Bxb7 Nxb7 26. Nc6 Nxf1 27. Kxf1 Kf8 28. Nxa5 Nxa5 29. Rc1 Ke7 30. c5 d5 31. c6 Nc4 32. Ke2 Ra8 33. Nxc7 Rxa4 34. Nxd5+ Kd6 35. c7 Ra2+ 36. Ke1 Ne5 37. c8=Q Nd3+ 38. Kf1 Nxc1 39. Qxc1 Kxd5 40. Qc7 Ra1+ 41. Ke2 Ra2+ 42. Kf3 Ke6 43. Qc4+ 1-0


[Site "https://www.chess.com"]

[Event "Titled Tuesday Blitz January 17 Early 2023"]
[White "Cappai, Davide"]
[Black "Injac, Teodora"]
[WhiteFideId "813338"]
[BlackFideId "932400"]
[WhiteElo "2140"]
[BlackElo "2391"]
[Result "1-0"]
[Round "06"]
[TimeControl "180+2"]
[Date "2023.01.17"]
[WhiteClock "0:00:27"]
[BlackClock "0:00:05"]

1. b3 Nf6 2. Bb2 g6 3. Nf3 Bg7 4. e3 O-O 5. d4 d6 6. c4 Nbd7 7. Nbd2 c6 8. Be2 Re8 9. O-O e5 10. b4 e4 11. Ne1 h5 12. a4 Nf8 13. Nc2 Bf5 14. Ra3 Ne6 15. f3 Ng5 16. f4 Ne6 17. b5 c5 18. d5 Nc7 19. a5 Qd7 20. Qa1 Qe7 21. g3 Red8 22. h4 Nce8 23. Kg2 Qd7 24. Rh1 Bg4 25. Qd1 Bxe2 26. Qxe2 Nh7 27. Bxg7 Nxg7 28. Rb3 Nf6 29. Ra1 Nf5 30. Nf1 Re8 31. Qe1 Ng4 32. Raa3 Kh7 33. Nh2 Nxh2 34. Kxh2 Nh6 35. Qe2 Qf5 36. Rb1 Rg8 37. Rf1 Ng4+ 38. Kg2 Nh6 39. Rh1 Qf6 40. Rb3 Qe7 41. Kf1 f6 42. Ke1 Ng4 43. Kd1 Qd7 44. Kc1 a6 45. Kb2 axb5 46. Rxb5 Ra7 47. Qd2 Rga8 48. Ra1 Qc7 49. Ra3 Nh6 50. Qc3 Kg7 51. Qe1 Nf5 52. Kb3 Ne7 53. Qc3 Nf5 54. Qe1 Ra6 55. Kb2 Ne7 56. Na1 b6 57. axb6 Rxa3 58. bxc7 Ra2+ 59. Kc3 R8a3+ 60. Nb3 1-0


[Site "https://www.chess.com"]

[Event "Titled Tuesday Blitz January 17 Early 2023"]
[White "Jimenez Almeida, Luis David"]
[Black "Boyer, Mahel"]
[WhiteFideId "22242244"]
[BlackFideId "45102422"]
[WhiteElo "2242"]
[BlackElo "2489"]
[Result "0-1"]
[Round "06"]
[TimeControl "180+2"]
[Date "2023.01.17"]
[WhiteClock "0:01:28"]
[BlackClock "0:02:18"]

1. e4 Nc6 2. d4 d5 3. e5 Bf5 4. Bd3 Nxd4 5. c3 Bxd3 6. Qxd3 Nc6 7. f4 e6 8. Nf3 Bc5 9. b4 Bb6 10. a4 a6 11. Nbd2 Nh6 12. Nb3 Nf5 13. g4 Nh4 14. Nfd4 Ng6 15. g5 h6 16. Nxc6 bxc6 17. Be3 hxg5 18. fxg5 Nxe5 19. Qe2 Bxe3 20. Qxe3 Qxg5 21. Qxg5 Nf3+ 22. Ke2 Nxg5 23. Rag1 Ne4 24. Rxg7 Nxc3+ 25. Kd3 Ne4 26. h4 Rb8 27. Nd4 Rxb4 28. Nxc6 Rxa4 29. Ne5 Nd6 30. h5 Re4 31. Ng4 Ke7 32. h6 Nf5 33. Rg5 Rxg4 34. Rxg4 Rxh6 35. Rxh6 Nxh6 36. Ra4 c5 37. Rxa6 Nf5 38. Rc6 c4+ 39. Ke2 Kd7 40. Rc5 Kd6 41. Rc8 Ke5 42. Rf8 f6 43. Rc8 Ke4 44. Kd2 Nd4 45. Kc3 f5 46. Re8 e5 47. Rf8 f4 48. Kd2 f3 49. Ke1 Ke3 50. Rf6 e4 51. Rd6 Nb3 52. Rxd5 f2+ 53. Kf1 Nd2+ 0-1


[Site "https://www.chess.com"]